 Dungeon Crawl Stone Soup version 0.26-a0-672-g1df16c3386 (webtiles) character file.

Game seed: 11562165449476301590

20248 strifetoe the Fighter (level 12, -9/108 (111) HPs)
             Began as a Palentonga Hedge Wizard on Oct 20, 2020.
             Was a High Priest of Okawaru.
             Mangled by a komodo dragon (24 damage)
             ... on level 1 of the Lair of Beasts.
             The game lasted 01:07:19 (21770 turns).

strifetoe the Fighter (Palentonga Hedge Wizard)    Turns: 21770, Time: 01:07:19

HP:   -9/108 (111)  AC: 13    Str: 20    XL:     12   Next: 43%
MP:   19/19         EV: 16    Int: 25    God:    Okawaru [*****.]
Gold: 876           SH:  0    Dex: 10    Spells: 10/21 levels left

rFire    . . .     SeeInvis +   L - +2 lajatang (vamp)
rCold    . . .     Faith    .   (shield currently unavailable)
rNeg     + . .     Spirit   .   G - +0 troll leather armour
rPois    .         Reflect  .   c - +1 hat
rElec    .         Harm     .   K - +1 cloak {Stlth+}
rCorr    .         Rampage  .   M - +2 pair of gloves "Guepeb" {Int+6}
MR       +++..     Clarity  +   (no barding)
Stlth    +.........             w - amulet of the Four Winds {rN+ MR+++ Clar}
HPRegen  0.68/turn              e - +6 ring of strength
MPRegen  0.16/turn              n - +4 ring of evasion

@: lethally poisoned (-9 -> -10)
A: large, horns 1, talons 1, rugged brown scales 3, see invisible, deformed
body, roll, armoured tail
a: Rolling Charge, Heroism, Finesse, Renounce Religion


You were on level 1 of the Lair of Beasts.
You worshipped Okawaru.
Okawaru was extremely pleased with you.
You visited 2 branches of the dungeon, and saw 13 of its levels.
You also visited: Ossuary and Gauntlet.

You collected 876 gold pieces.

Inventory:

Hand Weapons
 y - the +7 quarterstaff of Might {chaos, *Corrode rF++}
   (Okawaru gifted it to you on level 10 of the Dungeon)

   Each time it hits an enemy it has a different, random effect.
   It greatly protects you from fire.
   It may corrode you when you take damage.
 A - a +1 quarterstaff of holy wrath
 H - a +2 quarterstaff of speed
 L - a +2 vampiric lajatang (weapon)
Missiles
 N - 12 silver javelins (quivered)
Armour
 c - a +1 hat (worn)
 C - a +0 chain mail of fire resistance
 G - a +0 troll leather armour (worn)
 K - a +1 cloak of stealth (worn)
 M - the +2 pair of gloves "Guepeb" (worn) {Int+6}
   (You found it in a Gauntlet)

   It affects your intelligence (+6).
 O - a +0 plate armour
Jewellery
 e - a +6 ring of strength (left hand)
 g - a +6 ring of dexterity
 j - an uncursed ring of protection from fire
 n - a +4 ring of evasion (right hand)
 r - an uncursed ring of protection from fire
 w - the amulet of the Four Winds (around neck) {rN+ MR+++ Clar}
   (You found it on level 5 of the Dungeon)

   [amulet of nothing]

   It protects you from negative energy.
   It affects your resistance to hostile enchantments.
   It protects you against confusion.
Wands
 l - a wand of digging (13)
 B - a wand of paralysis (8)
 E - a wand of acid (2)
 I - a wand of polymorph (15)
 P - a wand of iceblast (4)
 Q - a wand of flame (15)
Scrolls
 a - a scroll of enchant armour
 d - 3 scrolls of identify
 f - 2 scrolls of fear
 i - 5 scrolls of teleportation
 m - 7 scrolls of remove curse
 t - 2 scrolls of blinking
 J - 2 scrolls of fog
Potions
 k - a potion of invisibility
 o - 2 potions of magic
 p - 4 potions of mutation
 q - 2 potions of lignification
 s - a potion of haste
 u - 3 potions of flight
 v - 5 potions of curing
 x - 3 potions of heal wounds
 D - a potion of resistance
Miscellaneous
 z - a lightning rod (1/4)


   Skills:
 - Level 9.0 Fighting
 + Level 6.9 Staves
 - Level 7.8 Armour
 - Level 6.9 Dodging
 - Level 1.2 Stealth
 - Level 5.2 Spellcasting
 - Level 5.3 Conjurations
 - Level 4.1 Summonings
 - Level 1.0 Translocations
 - Level 2.0 Fire Magic
 - Level 3.4 Air Magic
 - Level 5.2 Poison Magic
 - Level 3.0 Invocations


You had 10 spell levels left.
You knew the following spells:

 Your Spells              Type           Power        Failure   Level
a - Magic Dart            Conj           ####         1%          1
b - Mephitic Cloud        Conj/Pois/Air  ####....     4%          3
c - Call Imp              Summ           ####....     2%          2
d - Conjure Flame         Conj/Fire      ####....     6%          3
e - Blink                 Tloc           N/A          10%         2

Your spell library contained the following spells:

 Spells                   Type           Power        Failure   Level
 Summon Small Mammal      Summ           ####         1%          1
 Apportation              Tloc           ##....       6%          1
 Animate Skeleton         Necr           #.....       10%         1
 Corona                   Hex            #......      10%         1
 Slow                     Hex            #.......     14%         2


Dungeon Overview and Level Annotations

Branches:
Dungeon (12/15)            Temple (0/1) D:4            Lair (1/6) D:10
    Orc (0/2) D:10        Ossuary (visited)         Gauntlet (visited)

Altars:
Ashenzari
Elyvilon
Makhleb
Okawaru
Ru
Sif Muna
Zin

Annotations:
D:3 exclusion: downstairs
D:7 3 runed translucent doors, exclusion: downstairs, TigOlBitties's ghost, novice DEAE
D:9 exclusions: downstairs and 1 more exclusion
Abyss:1 Sonja


Innate Abilities, Weirdness & Mutations

You are completely covered in rugged brown scales. (AC +3, +7% HP)
You have supernaturally acute eyesight. (SInv)
Armour fits poorly on your strangely shaped body.
You can roll at foes to attack.
You have a long armoured tail.
You have a pair of small horns on your head.
You have sharp toenails.


Message History

You slash the cane toad!
The cane toad is almost dead.
You feel sick.
The cane toad stings you but does no damage.
The komodo dragon bites you.
* * * LOW HITPOINT WARNING * * *
The cane toad misses you.
Unknown command.
Unknown command.
Unknown command.
Unknown command.
Unknown command.
Unknown command.
Unknown command.
Unknown command.
You barely miss the cane toad. You claw the cane toad.
You kill the cane toad!
Okawaru accepts your kill. The komodo dragon bites you!!
You die...

...... .... ##
.... . ..P.## #.
..#.. #.# ##!..#
#..###lh#.###..
.......@.>.....
.#.P..#.###.#.#
#.#....# #.?#.#
##.#..†<#####.#
................
####............
#..##........
#..# #..#.####


You could see a polar bear and a komodo dragon.

Vanquished Creatures
  A minotaur (Gauntlet)
  A death ooze (Gauntlet)
  A green death (Gauntlet)
  Erolcha (D:9)
  A hydra (D:12)
  A boulder beetle (D:10)
  An ogre mage (D:11)
  A two-headed ogre (D:9)
  A manticore (D:10)
  2 ugly things
  A deep elf mage (D:9)
  2 orange demons (Gauntlet)
  Psyche (D:10)
  A gargoyle (D:11)
  A cane toad (Lair:1)
  A kobold demonologist (D:11)
  A queen bee (D:10)
  Grinder (D:4)
  A hornet (D:9)
  Prince Ribbit (D:7)
  5 trolls
  A shadow (D:11)
  2 wraiths
  Grum (D:11)
  4 vampire mosquitoes
  A basilisk (Lair:1)
  A water moccasin (Lair:1)
  A floating eye (shapeshifter) (Gauntlet)
  2 ice beasts
  8 orc warriors
  3 black bears
  3 sky beasts
  8 ogres
  A necrophage (D:10)
  A phantom (D:6)
  11 centaurs
  9 wolves
  A big kobold (D:8)
  A wyvern zombie (D:10)
  9 bullfrogs
  4 scorpions
  A water moccasin skeleton (D:10)
  17 killer bees
  4 electric eels (D:10)
  2 centaur zombies
  2 bullfrog zombies (D:10)
  4 jellies
  2 bullfrog skeletons
  17 orc wizards
  6 orc priests
  2 centaur skeletons
  7 hounds
  Jessica (D:8)
  10 worker ants
  A killer bee zombie (D:10)
  2 mummies
  2 hound skeletons
  A worker ant zombie (D:10)
  3 gnolls (D:5)
  7 adders
  A shadow imp (D:7)
  A white imp (D:6)
  2 ufetubi (D:9)
  An ooze (D:6)
  An adder zombie (D:5)
  3 worms
  A dart slug (D:1)
  5 leopard geckos
  47 orcs
  2 giant cockroaches
  8 goblins
  5 hobgoblins
  10 jackals
  3 quokkas
  A ball python (D:1)
  7 bats
  3 frilled lizards
  7 gnoll skeletons (Ossuary)
  A jackal skeleton (D:6)
  7 kobolds
  7 kobold skeletons (Ossuary)
  6 orc skeletons (Ossuary)
  A quokka skeleton (D:4)
  4 rats
324 creatures vanquished.

Vanquished Creatures (collateral kills)
  A vampire mosquito (D:9)
  A wyvern skeleton (D:9)
  3 killer bees
  A hound (D:10)
  An orc wizard (D:10)
  A worker ant (D:7)
  3 orcs (D:10)
  A jackal (D:10)
  A gnoll skeleton (Ossuary)
  2 kobold skeletons (Ossuary)
  2 orc skeletons (Ossuary)
17 creatures vanquished.

Vanquished Creatures (others)
  Maurice (D:9)
  An orc wizard (D:10)
  An orc (D:10)
  A fungus (D:7)
  16 plants
  18 withered plants (Gauntlet)
38 creatures vanquished.

Grand Total: 379 creatures vanquished

Notes
Turn   | Place    | Note
-------+----------+-------------------------------------------
     0 | D:1      | strifetoe the Palentonga Hedge Wizard began the quest for
                  | the Orb.
     0 | D:1      | Reached XP level 1. HP: 14/14 MP: 4/4
    60 | D:1      | Reached skill level 1 in Conjurations
   574 | D:1      | Reached XP level 2. HP: 13/21 MP: 6/6
  1819 | D:2      | Reached XP level 3. HP: 27/27 MP: 7/7
  2216 | D:2      | Learned a level 3 spell: Mephitic Cloud
  2285 | D:2      | Found an iron altar of Okawaru.
  2380 | D:2      | Became a worshipper of Warmaster Okawaru
  3603 | D:4      | Found a staircase to the Ecumenical Temple.
  3808 | D:4      | Noticed an ogre
  3816 | D:4      | Killed an ogre
  3816 | D:4      | Reached skill level 1 in Air Magic
  3816 | D:4      | Reached skill level 1 in Poison Magic
  3816 | D:4      | Reached XP level 4. HP: 6/35 MP: 8/8
  3816 | D:4      | Reached XP level 5. HP: 7/40 MP: 9/9
  4233 | D:4      | Reached * piety under Okawaru
  4437 | D:4      | Found a burning altar of Makhleb.
  4543 | D:4      | Reached XP level 6. HP: 25/48 MP: 6/11
  4548 | D:4      | Gained mutation: You have a pair of small horns on your
                  | head. [potion of mutation]
  4548 | D:4      | Gained mutation: You have sharp toenails. [potion of
                  | mutation]
  5042 | D:4      | Reached skill level 1 in Fighting
  5189 | D:4      | Noticed Grinder
  5204 | D:4      | Killed Grinder
  5204 | D:4      | Reached ** piety under Okawaru
  5204 | D:4      | Reached skill level 3 in Fighting
  5204 | D:4      | Reached XP level 7. HP: 6/62 MP: 13/13
  5643 | D:4      | Reached skill level 4 in Fighting
  5873 | D:5      | Entered Level 5 of the Dungeon
  6118 | D:5      | Found a sacrificial altar of Ru.
  6119 | D:5      | Found the amulet of the Four Winds {rN+ MR+++ Clar}
  7084 | D:6      | Reached skill level 5 in Conjurations
  7299 | D:5      | Learned a level 2 spell: Call Imp
  7353 | D:5      | Reached skill level 1 in Summonings
  7509 | D:6      | Reached XP level 8. HP: 70/70 MP: 8/14
  7550 | D:6      | Found a white marble altar of Elyvilon.
  7569 | D:6      | Reached *** piety under Okawaru
  7856 | D:6      | Reached skill level 1 in Armour
  8096 | D:6      | Learned a level 3 spell: Conjure Flame
  8641 | D:7      | Found a sand-covered staircase.
  8868 | Ossuary  | Entered an ossuary
  9218 | Ossuary  | Reached skill level 1 in Fire Magic
  9320 | D:7      | Reached XP level 9. HP: 74/75 MP: 15/15
  9366 | D:7      | Noticed Prince Ribbit
  9388 | D:7      | Killed Prince Ribbit
  9388 | D:7      | Reached **** piety under Okawaru
  9781 | D:7      | Noticed TigOlBitties's ghost (novice DEAE)
  9782 | D:7      | Found a runed translucent gate.
  9783 | D:7      | Found a runed translucent gate.
  9784 | D:7      | Found a runed translucent gate.
 10151 | D:7      | Found a glowing silver altar of Zin.
 10614 | D:7      | Learned a level 2 spell: Blink
 11232 | D:8      | Noticed Jessica
 11236 | D:8      | Killed Jessica
 11267 | D:8      | Found a shimmering blue altar of Sif Muna.
 11666 | D:9      | Noticed a two-headed ogre
 11678 | D:9      | Killed a two-headed ogre
 11678 | D:9      | Reached skill level 5 in Poison Magic
 12012 | D:9      | Reached ***** piety under Okawaru
 12354 | D:9      | Reached XP level 10. HP: 85/85 MP: 11/16
 12419 | D:9      | Reached skill level 5 in Fighting
 12848 | D:9      | Noticed a deep elf mage
 12862 | D:9      | Killed a deep elf mage
 12862 | D:9      | Reached skill level 6 in Fighting
 13060 | D:9      | Noticed Maurice
 13075 | D:9      | Killed Maurice
 13198 | D:9      | Noticed Erolcha
 13209 | D:9      | Killed Erolcha
 13209 | D:9      | Reached skill level 5 in Dodging
 13820 | D:9      | Reached skill level 1 in Staves
 14093 | D:9      | Found a broken altar of Ashenzari.
 14159 | D:10     | Entered Level 10 of the Dungeon
 14862 | D:10     | Reached skill level 5 in Staves
 15892 | D:10     | Found a staircase to the Lair.
 15904 | D:11     | Noticed Sonja
 15904 | D:11     | Noticed a white ugly thing
 16359 | D:10     | Reached XP level 11. HP: 95/95 MP: 17/17
 16513 | D:10     | Reached skill level 5 in Armour
 16555 | D:10     | Found a staircase to the Orcish Mines.
 17516 | D:10     | Received a gift from Okawaru
 17526 | D:10     | Killed a white ugly thing
 17526 | D:10     | Reached skill level 7 in Fighting
 17528 | D:10     | Got a dazzling quarterstaff {god gift}
 17535 | D:9      | Identified the +7 quarterstaff of Might {chaos, *Corrode
                  | rF++} (Okawaru gifted it to you on level 10 of the Dungeon)
 18120 | D:11     | Noticed Psyche
 18120 | D:11     | Noticed a boulder beetle
 18126 | D:10     | Killed Psyche
 18147 | D:10     | Killed a boulder beetle
 18147 | D:10     | Reached skill level 8 in Fighting
 18276 | D:11     | Noticed Grum
 18282 | D:11     | Killed Grum
 18282 | D:11     | Banished Sonja
 18415 | D:10     | Reached skill level 9 in Fighting
 18655 | D:11     | Found an iron altar of Okawaru.
 18693 | D:11     | Noticed an ogre mage
 18723 | D:11     | Reached skill level 5 in Spellcasting
 19818 | D:11     | Killed an ogre mage
 20128 | D:12     | Noticed a white ugly thing
 20175 | D:12     | Noticed a white ugly thing
 20197 | D:11     | Killed a white ugly thing
 20197 | D:11     | Received a gift from Okawaru
 20269 | D:12     | Noticed a four-headed hydra
 20280 | D:12     | Killed a four-headed hydra
 20280 | D:12     | Reached XP level 12. HP: 53/109 MP: 16/19
 20367 | D:12     | Found a gate leading to a gauntlet.
 20392 | Gauntlet | Entered a Gauntlet
 20392 | Gauntlet | Found a transporter.
 20392 | Gauntlet | Found a transporter.
 20395 | Gauntlet | Noticed a death ooze
 20396 | Gauntlet | Found a transporter.
 20397 | Gauntlet | Found a transporter.
 20405 | Gauntlet | Found a transporter.
 20425 | Gauntlet | Found a transporter.
 20425 | Gauntlet | Found a transporter.
 20435 | Gauntlet | Found a transporter.
 20437 | Gauntlet | Found a transporter.
 20440 | Gauntlet | Noticed a green death
 20469 | Gauntlet | Found a transporter.
 20509 | Gauntlet | Found a transporter.
 20524 | Gauntlet | Found a transporter.
 20542 | Gauntlet | Found a transporter.
 20554 | Gauntlet | Found a transporter.
 20642 | Gauntlet | Found a transporter.
 20646 | Gauntlet | Noticed a death scarab
 20656 | Gauntlet | Found a transporter.
 21067 | Gauntlet | Killed a death ooze
 21199 | Gauntlet | Killed a green death
 21228 | Gauntlet | Got a pair of faintly glowing gloves
 21234 | Gauntlet | Identified the +2 pair of gloves "Guepeb" {Int+6} (You
                  | found it in a Gauntlet)
 21263 | Gauntlet | Noticed a minotaur
 21274 | Gauntlet | Killed a minotaur
 21274 | Gauntlet | Received a gift from Okawaru
 21702 | Lair:1   | Entered Level 1 of the Lair of Beasts
 21770 | Lair:1   | Mangled by a komodo dragon

Illustrated notes

Levels and vault maps discovered:
D:1:      lemuel_arrival_funnel, layout_basic
D:2:      layout_rooms, lemuel_round_altar
D:3:      layout_rooms
D:4:      layout_loops_cross, makhleb_heckhound_becter, temple_fountains,
          uniq_grinder
D:5:      layout_loops_ring, lemuel_crystal_altar
D:6:      layout_loops_ring, elyvilon_altar_5
D:7:      layout_rooms, kennysheep_mini, gammafunk_ghost_nasty_kobolds,
          gup_ossuary_entry_pyramid, uniq_prince_ribbit1
D:8:      layout_cave_pools, tgw_sif
D:9:      statuecave_lemuel, layout_rooms, lemuel_coloured_pillars_altar,
          minitemple, guppyfry_early_elven_hall, uniq_erolcha, uniq_maurice
D:10:     layout_loops_ring, erik_lair_island, david_orc_4,
          hangedman_abyss_or_decor_slice, nicolae_looking_at_the_future
D:11:     layout_rooms, basic_altar, lightli_fourway_metalbox, uniq_grum,
          uniq_sonja, uniq_psyche
D:12:     layout_rooms, gauntlet_entry_generic, serial_shops, shop,
          grunt_ministairs_8, kennysheep_pointless_box, kennysheep_diamond,
          uniq_urug
Lair:1:   layout_loops_ring

Skill      XL: |  1  2  3  4  5  6  7  8  9 10 11 12 |
---------------+-------------------------------------+-----
Conjurations   | 1 2 3 5 |  5.3
Air Magic      | 1 2 3 |  3.4
Poison Magic   | 1 2 5 |  5.2
Spellcasting   | 4 5 |  5.2
Fighting       | 3 4 6 9 |  9.0
Summonings     | 2 4 |  4.1
Armour         | 2 4 7 |  7.8
Dodging        | 3 5 6 |  6.9
Fire Magic     | 2 |  2.0
Staves         | 6 |  6.9
Invocations    | 3 |  3.0
Stealth        | |  1.2
Translocations | |  1.0

Action                   |  1- 3 |  4- 6 |  7- 9 | 10-12 || total
-------------------------+-------+-------+-------+-------++-------
Melee: Dagger            |   143 |    40 |   306 |    25 ||   514
       Tailslap          |    12 |     7 |    48 |    66 ||   133
       Headbutt          |       |     7 |    75 |    99 ||   181
       Kick              |       |     6 |    99 |   122 ||   227
       Spear             |       |       |     6 |       ||     6
       Quarterstaff      |       |       |       |   404 ||   404
       Punch             |       |       |       |     1 ||     1
       Lajatang          |       |       |       |    49 ||    49
 Cast: Magic Dart        |       |    19 |    86 |    60 ||   165
       Mephitic Cloud    |       |       |    24 |    42 ||    66
       Call Imp          |       |       |    29 |    19 ||    48
       Conjure Flame     |       |       |     3 |     7 ||    10
       Blink             |       |       |       |     3 ||     3
Invok: Heroism           |       |       |       |    26 ||    26
       Finesse           |       |       |       |     3 ||     3
Evoke: Wand              |       |     5 |     2 |    16 ||    23
       Lightning rod     |       |       |       |     4 ||     4
  Use: Potion            |       |     3 |     1 |     7 ||    11
       Scroll            |       |       |    16 |    12 ||    28
 Stab: Sleeping          |     2 |       |       |       ||     2
       Confused          |       |       |     9 |    17 ||    26
       Distracted        |       |       |     2 |       ||     2
       Invisible         |       |       |       |     1 ||     1
       Petrified         |       |       |       |     4 ||     4
       Petrifying        |       |       |       |     1 ||     1
Armor: Robe              |    61 |     9 |    44 |    63 ||   177
       Skin              |       |     5 |       |       ||     5
       Troll leather arm |       |       |       |    40 ||    40
Dodge: Dodged            |    74 |    17 |   243 |   505 ||   839

Table legend: (Time is in decaauts)
 A = Elapsed time spent in this place.
 B = Non-inter-level travel time spent in this place.
 C = Inter-level travel time spent in this place.
 D = Time resting spent in this place.
 E = Time spent auto-exploring this place.
 F = Levels seen in this place.
 G = Mean time per level.
                   A        B        C        D        E       F      G
               +--------+--------+--------+--------+--------+-----+--------+
         Total |  21770 |  20106 |   1664 |   7275 |   8299 |  15 | 1451.3 |
       Dungeon |  20393 |  18729 |   1664 |   7162 |   8052 |  12 | 1699.4 |
          Lair |     65 |     65 |      0 |      8 |      0 |   1 |   65.0 |
       Ossuary |    396 |    396 |      0 |     60 |      3 |   1 |  396.0 |
      Gauntlet |    915 |    915 |      0 |     45 |    244 |   1 |  915.0 |
               +--------+--------+--------+--------+--------+-----+--------+

Top non-repeatable levels by time:
    D:10: 3260 daAuts
     D:9: 3214 daAuts
     D:4: 2376 daAuts
     D:6: 1723 daAuts
     D:7: 1703 daAuts
     D:1: 1483 daAuts
    D:11: 1436 daAuts
     D:5: 1424 daAuts
     D:3: 1337 daAuts
     D:8: 1100 daAuts
     D:2: 1093 daAuts
Gauntlet: 915 daAuts
 Ossuary: 396 daAuts
    D:12: 239 daAuts
  Lair:1: 65 daAuts
